 Dungeon Crawl Stone Soup version 0.21.0-24-g2553a33 (webtiles) character file.

11749 mistymad the Geomancer (level 11, 0/77 HPs)
             Began as an Octopode Earth Elementalist on Jan 19, 2018.
             Slain by a porcupine (8 damage)
             ... on level 1 of the Lair of Beasts on Jan 20, 2018.
             The game lasted 00:59:13 (16192 turns).

mistymad the Geomancer (OpEE)                      Turns: 16192, Time: 00:59:15

Health: 0/77       AC:  2    Str: 15    XL:     11   Next: 82%
Magic:  5/22       EV: 14    Int: 20    God:
Gold:   696        SH:  6    Dex: 12    Spells: 9/25 levels left

rFire    . . .     SeeInvis .   L - +2 dagger (protect)
rCold    . . .     Gourm    .   z - +0 buckler
rNeg     + + .     Faith    .   v - +1 hat
rPois    +         Spirit   .   w - amulet of regeneration
rElec    .         Reflect  .   e - ring of positive energy
rCorr    .         Harm     .   a - ring of positive energy
MR       .....                  o - ring of poison resistance
Stlth    +++.......             T - +6 ring of strength
HPRegen  0.62/turn              (no ring)
MPRegen  0.18/turn              (no ring)
                                (no ring)
                                (no ring)

@: no status effects
A: almost no armour, stealthy swim, amphibious, 8 rings, constrict 8, camouflage
1, gelatinous body 1
a: no special abilities


You were on level 1 of the Lair of Beasts.
You were not hungry.

You visited 2 branches of the dungeon, and saw 13 of its levels.
You also visited: Sewer.

You collected 890 gold pieces.
You spent 194 gold pieces at shops.

Inventory:

Hand Weapons
 j - a +1 dagger of venom
 y - a +0 blowgun
 L - a +2 dagger of protection (weapon)
Missiles
 b - 186 stones (quivered)
 k - 4 needles of sleeping
 u - 4 needles of confusion
 M - 133 arrows
 R - 2 throwing nets
Armour
 i - a +0 shield
 v - a +1 hat (worn)
 z - a +0 buckler (worn)
 G - a +0 large shield
Jewellery
 a - a ring of positive energy (right tentacle)
 e - a ring of positive energy (left tentacle)
 o - a ring of poison resistance (on tentacle)
 w - an amulet of regeneration (around mantle)
 T - a +6 ring of strength (on tentacle)
 X - an uncursed ring of fire {unknown}
Wands
 h - a wand of acid (5)
 l - a wand of enslavement (7)
 J - a wand of paralysis (26)
Scrolls
 n - a scroll of enchant armour
 q - 7 scrolls of teleportation
 t - 2 scrolls of remove curse
 D - a scroll of immolation
 N - 3 scrolls of identify
 O - a scroll of fear
 P - 2 scrolls of enchant weapon {unknown}
 Q - a scroll of random uselessness {unknown}
 S - a scroll of magic mapping {unknown}
Potions
 f - 3 potions of mutation {!q}
 g - a potion of magic {unknown}
 m - 4 potions of haste
 p - 5 potions of curing
 r - 3 potions of brilliance
 s - 2 potions of flight
 x - a potion of ambrosia {unknown}
 A - 3 potions of might
 C - 6 potions of heal wounds
 F - a potion of lignification {unknown}
 H - 2 potions of cancellation {unknown}
Books
 d - a book of Geomancy

   Spells                             Type                      Level
   a - Sandblast                      Earth                        1
   b - Passwall                       Transmutation/Earth          2
   c - Stone Arrow                    Conjuration/Earth            3
   d - Petrify                        Transmutation/Earth          4
   e - Lee's Rapid Deconstruction     Earth                        5
 B - a book of Minor Magic

   Spells                             Type                      Level
   a - Magic Dart                     Conjuration                  1
   b - Blink                          Translocation                2
   c - Call Imp                       Summoning                    2
   d - Slow                           Hexes                        2
   e - Conjure Flame                  Conjuration/Fire             3
   f - Mephitic Cloud                 Conjuration/Poison/Air       3
 E - a book of Flames

   Spells                             Type                      Level
   a - Flame Tongue                   Conjuration/Fire             1
   b - Throw Flame                    Conjuration/Fire             2
   c - Conjure Flame                  Conjuration/Fire             3
   d - Inner Flame                    Hexes/Fire                   3
   e - Sticky Flame                   Conjuration/Fire             4
   f - Fireball                       Conjuration/Fire             5
 I - a book of Geomancy

   Spells                             Type                      Level
   a - Sandblast                      Earth                        1
   b - Passwall                       Transmutation/Earth          2
   c - Stone Arrow                    Conjuration/Earth            3
   d - Petrify                        Transmutation/Earth          4
   e - Lee's Rapid Deconstruction     Earth                        5
 K - a book of Changes

   Spells                             Type                      Level
   a - Beastly Appendage              Transmutation                1
   b - Sticks to Snakes               Transmutation                2
   c - Spider Form                    Transmutation/Poison         3
   d - Ice Form                       Ice/Transmutation            4
   e - Blade Hands                    Transmutation                5
 V - a book of Callings

   Spells                             Type                      Level
   a - Summon Small Mammal            Summoning                    1
   b - Call Imp                       Summoning                    2
   c - Call Canine Familiar           Summoning                    3
   d - Summon Guardian Golem          Hexes/Summoning              3
   e - Summon Lightning Spire         Summoning/Air                4
   f - Summon Ice Beast               Ice/Summoning                4
 W - a book of Cantrips

   Spells                             Type                      Level
   a - Confusing Touch                Hexes                        1
   b - Animate Skeleton               Necromancy                   1
   c - Summon Small Mammal            Summoning                    1
   d - Apportation                    Translocation                1
Miscellaneous
 Y - a lamp of fire
Comestibles
 c - 14 rations


   Skills:
 - Level 8.0 Fighting
 - Level 2.0 Short Blades
 - Level 4.0 Dodging
 - Level 2.6 Stealth
 + Level 7.9 Shields
 + Level 7.7 Spellcasting
 + Level 7.2 Transmutations
 + Level 9.5 Earth Magic


You had 9 spell levels left.
You knew the following spells:

 Your Spells              Type           Power        Failure   Level  Hunger
a - Sandblast             Erth           #####.       1%          1    None
b - Passwall              Tmut/Erth      #####.....   1%          2    None
c - Sticks to Snakes      Tmut           #####...     1%          2    None
d - Petrify               Tmut/Erth      #####...     2%          4    ###....
e - Lee's Rapid Deconstr  Erth           #####.....   4%          5    #####..
f - Blink                 Tloc           N/A          13%         2    None


Dungeon Overview and Level Annotations

Branches:
Dungeon (12/15)            Temple (0/1) D:5            Lair (1/6) D:10
    Orc (0/2) D:10

Altars:
Dithmenos
Elyvilon
Fedhas
Hepliaklqana
Kikubaaqudgha
Makhleb
Ru
Sif Muna
Trog
Uskayaw
Vehumet
Wu Jian
Xom
The Shining One

Shops:
D:6 *   D:9 %

Annotations:
D:4 happinesssam's ghost, amateur FoAK


Innate Abilities, Weirdness & Mutations

You cannot wear most types of armour.
You are very stealthy in the water. (Stealth+)
You are amphibious.
You can wear up to eight rings at the same time.
You can use your tentacles to constrict eight enemies at once.
Your skin changes colour to match your surroundings (Stealth+).
Your rubbery body absorbs attacks. (AC +1, EV +1)


Message History

The four-headed hydra bites you. The four-headed hydra bites you!
The four-headed hydra misses you.
Your adder completely misses the four-headed hydra.
You take 36 damage, and have 41/77 hp.
MASSIVE DAMAGE!!
You now have 5/22 mp.
Your adder is struck by the porcupine's spines.
Your adder dies!
Your ball python bites the four-headed hydra.
The four-headed hydra bites your ball python!
Your ball python dies!
The four-headed hydra misses your adder.
The four-headed hydra bites your adder!
Your adder dies!
The four-headed hydra bites you!
You block the four-headed hydra's attack.
The four-headed hydra bites you.
* * * LOW HITPOINT WARNING * * *
The four-headed hydra bites you!
* * * LOW HITPOINT WARNING * * *
The porcupine bites you!
You die...

##........##
#P..........##
#............
#...........#
............#
...........#
...........# #.
.......r..##...
......D@.#......
.....#..#...##..
#######....##
#####......##
#P.#.......#
#.<.....P#..#
#..........##
#...........#
#............#


You could see a four-headed hydra (petrifying) and a porcupine.

Vanquished Creatures
  A hydra (D:11)
  A two-headed ogre (D:9)
  Pikel (D:6)
  An ugly thing (D:11)
  A tengu conjurer (D:10)
  3 trolls
  3 hippogriffs
  A wraith (D:8)
  6 yaks (D:10)
  Eustachio (D:5)
  2 hungry ghosts
  The ghost of Stormphoenix the Insei, an amateur OpMo (D:3)
  Duvessa (D:4)
  6 orc warriors
  7 sky beasts
  A swamp drake (D:10)
  3 black bears
  2 slaves (D:6)
  A necrophage (D:7)
  6 phantoms
  2 centaurs
  4 ogres
  A big kobold (D:11)
  7 bullfrogs
  A gnoll sergeant (D:9)
  Blork the orc (D:6)
  Dowan (D:4)
  A wyvern zombie (D:11)
  A wyvern skeleton (D:9)
  6 scorpions
  5 killer bees (D:10)
  5 wights
  A bullfrog zombie (D:7)
  A centaur zombie (D:7)
  3 crimson imps
  5 jellies
  A bullfrog skeleton (D:11)
  2 centaur skeletons
  7 hounds
  9 orc priests
  11 orc wizards
  Ijyb (D:4)
  4 iguanas
  Natasha (thrice) (D:3)
  5 worker ants
  A killer bee zombie (D:5)
  A hound zombie (D:5)
  3 hound skeletons
  A worker ant zombie (D:7)
  18 gnolls
  13 adders
  8 river rats (Sewer)
  2 oozes
  An adder zombie (D:9)
  2 adder skeletons
  4 worms
  6 dart slugs
  4 leopard geckos
  48 orcs
  7 ball pythons
  5 giant cockroaches
  5 hobgoblins
  7 jackals
  29 kobolds
  5 quokkas
  9 bats
  9 frilled lizards
  3 goblins
  A quokka skeleton (D:4)
  A quokka zombie (D:7)
  26 rats
  A plant (D:10)
357 creatures vanquished.

Vanquished Creatures (collateral kills)
  A worker ant (D:7)
1 creature vanquished.

Vanquished Creatures (others)
  A gnoll sergeant (D:6)
1 creature vanquished.

Grand Total: 359 creatures vanquished

Notes
Turn   | Place    | Note
-------+----------+-------------------------------------------
     0 | D:1      | mistymad the Octopode Earth Elementalist began the quest for the Orb.
     0 | D:1      | Reached XP level 1. HP: 11/11 MP: 3/3
    20 | D:1      | Reached XP level 2. HP: 9/18 MP: 0/5
   381 | D:1      | Reached skill level 1 in Fighting
   496 | D:1      | Reached XP level 3. HP: 17/23 MP: 3/6
  1897 | D:2      | Reached XP level 4. HP: 28/29 MP: 4/8
  2302 | D:3      | Reached skill level 4 in Earth Magic
  2483 | D:3      | Reached XP level 5. HP: 35/35 MP: 7/9
  2963 | D:3      | Noticed Stormphoenix's ghost (amateur OpMo)
  2988 | D:3      | Learned a level 2 spell: Passwall
  2992 | D:3      | Learned a level 3 spell: Stone Arrow
  3338 | D:3      | Noticed Natasha
  3342 | D:3      | Killed Natasha
  3457 | D:3      | Noticed Natasha
  3461 | D:3      | Killed Natasha
  3461 | D:3      | Reached XP level 6. HP: 42/42 MP: 9/11
  3531 | D:3      | Found an ancient bone altar of Kikubaaqudgha.
  3532 | D:3      | Found a blossoming altar of Fedhas.
  3664 | D:4      | Noticed Ijyb
  3679 | D:4      | Killed Ijyb
  3914 | D:4      | Found a hazy altar of Hepliaklqana.
  3916 | D:4      | Noticed Dowan
  3918 | D:4      | Noticed Duvessa
  3974 | D:3      | Noticed Natasha
  3983 | D:3      | Killed Natasha
  4006 | D:4      | Found a sacrificial altar of Ru.
  4023 | D:4      | Found a shimmering altar of Xom.
  4081 | D:4      | Learned a level 4 spell: Petrify
  4271 | D:4      | HP: 2/42 [poisoned by a scorpion]
  4614 | D:4      | Reached skill level 1 in Shields
  4614 | D:4      | Reached XP level 7. HP: 34/46 MP: 7/13
  4842 | D:4      | Reached skill level 5 in Earth Magic
  5011 | D:4      | Noticed happinesssam's ghost (amateur FoAK)
  5110 | D:5      | Entered Level 5 of the Dungeon
  5167 | D:5      | Found a staircase to the Ecumenical Temple.
  5185 | D:5      | HP: 2/48 [poisoned by a worker ant]
  5236 | D:5      | Noticed Eustachio
  5337 | D:5      | Found a glowing golden altar of the Shining One.
  5472 | D:5      | Reached XP level 8. HP: 41/54 MP: 14/14
  5533 | D:5      | Killed Eustachio
  5582 | D:5      | Found a glowing drain.
  5611 | Sewer    | Entered a sewer
  5657 | Sewer    | Learned a level 5 spell: Lee's Rapid Deconstruction
  6006 | Sewer    | Got a dazzling war axe
  6018 | Sewer    | Identified the +3 war axe "mistymad's Bane" {vamp, Int+4 Stlth+} (You found it in a sewer)
  6419 | D:5      | Reached skill level 5 in Spellcasting
  6455 | D:5      | Reached skill level 5 in Fighting
  6455 | D:5      | Reached skill level 6 in Earth Magic
  6842 | D:4      | Found a shadowy altar of Dithmenos.
  6947 | D:6      | Noticed Pikel
  7020 | D:6      | Killed Pikel
  7020 | D:6      | Reached XP level 9. HP: 61/61 MP: 11/16
  7367 | D:6      | Found an ornate altar of the Wu Jian Council.
  7501 | D:6      | Noticed Blork the orc
  7518 | D:6      | Killed Blork the orc
  7569 | D:6      | Found Vaeck's General Store.
  7583 | D:6      | Bought a +2 dagger of protection for 144 gold pieces
  7583 | D:6      | Bought a scroll of identify for 20 gold pieces
  7583 | D:6      | Bought a scroll of teleportation for 30 gold pieces
  7689 | D:6      | Found a radiant altar of Vehumet.
  7704 | D:6      | Reached skill level 1 in Short Blades
  7987 | D:7      | Learned a level 2 spell: Sticks to Snakes
  8493 | D:3      | Killed Stormphoenix's ghost
  8493 | D:3      | Reached skill level 5 in Transmutations
  8723 | D:4      | Found a burning altar of Makhleb.
  8724 | D:4      | Found a radiant altar of Vehumet.
  8970 | D:7      | Reached skill level 7 in Earth Magic
  9042 | D:7      | Reached skill level 5 in Shields
  9182 | D:7      | Found a white marble altar of Elyvilon.
  9322 | D:7      | Found a deep blue altar of Sif Muna.
  9754 | D:6      | Reached XP level 10. HP: 68/68 MP: 7/18
  9880 | D:7      | Learned a level 2 spell: Blink
  9904 | D:7      | Found a bloodstained altar of Trog.
 10550 | D:4      | Killed Duvessa
 10567 | D:4      | Killed Dowan
 11215 | D:8      | Reached skill level 8 in Earth Magic
 11382 | D:8      | Found a hide-covered altar of Uskayaw.
 11622 | D:8      | Found a shadowy altar of Dithmenos.
 12475 | D:9      | Paralysed by fainting for 11 turns
 12761 | D:9      | Noticed a two-headed ogre
 12769 | D:9      | Killed a two-headed ogre
 12769 | D:9      | Reached XP level 11. HP: 68/77 MP: 15/20
 12872 | D:9      | Found Gamochakk's Food Shoppe.
 13509 | D:10     | Entered Level 10 of the Dungeon
 13806 | D:10     | Reached skill level 9 in Earth Magic
 13986 | D:10     | Found a staircase to the Lair.
 14314 | D:10     | Found a staircase to the Orcish Mines.
 14537 | D:10     | Found a blossoming altar of Fedhas.
 15043 | D:11     | Noticed a five-headed hydra
 15180 | D:11     | Noticed a brown ugly thing
 15196 | D:11     | Killed a brown ugly thing
 15545 | D:11     | Killed a five-headed hydra
 15964 | D:11     | Found a shadowy altar of Dithmenos.
 16052 | D:12     | Noticed a two-headed ogre
 16176 | Lair:1   | Entered Level 1 of the Lair of Beasts
 16182 | Lair:1   | Noticed a four-headed hydra
 16192 | Lair:1   | Slain by a porcupine

Skill      XL: |  1  2  3  4  5  6  7  8  9 10 11 |
---------------+----------------------------------+-----
Fighting       | 1 2 3 4 5 8 |  8.0
Spellcasting   | 3 4 5 6 7 |  7.7
Earth Magic    | 4 5 6 7 8 9 |  9.5
Shields        | 1 2 4 5 6 7 |  7.9
Transmutations | 2 4 5 7 |  7.2
Short Blades   | 2 |  2.0
Dodging        | 3 4 |  4.0
Stealth        | |  2.6

Action                   |  1- 3 |  4- 6 |  7- 9 | 10-12 || total
-------------------------+-------+-------+-------+-------++-------
Melee: Unarmed           |   100 |    42 |       |       ||   142
       Constrict         |    25 |    22 |    68 |    78 ||   193
       Tentacles         |    15 |    13 |    55 |   135 ||   218
       Dagger            |       |    57 |   290 |   529 ||   876
 Cast: Sandblast         |    17 |    51 |    96 |    51 ||   215
       Petrify           |       |       |    19 |    68 ||    87
       Lee's Rapid Decon |       |       |    17 |    17 ||    34
       Sticks to Snakes  |       |       |     1 |     3 ||     4
       Blink             |       |       |       |     1 ||     1
  Use: Scroll            |       |    11 |     9 |       ||    20
       Potion            |       |       |     2 |     2 ||     4
 Stab: Sleeping          |     6 |     5 |     5 |     7 ||    23
       Distracted        |       |       |     2 |       ||     2
       Invisible         |       |       |     1 |       ||     1
       Petrified         |       |       |    18 |   107 ||   125
       Petrifying        |       |       |       |     5 ||     5
  Eat: Chunk             |     3 |     8 |    19 |    28 ||    58
       Ration            |       |       |     2 |     4 ||     6
Armor: Skin              |    13 |     8 |    43 |   110 ||   174
Dodge: Dodged            |    91 |    62 |   217 |   215 ||   585
Block: Buckler           |       |       |    53 |    98 ||   151
